[Event "*** SCC Grand Prix: Titled Tuesday Blitz"]
[Site "Chess.com"]
[Date "2020.09.29"]
[Round "9"]
[White "HanSchut"]
[Black "chessmaGIA"]
[Result "1-0"]
[WhiteElo "2207"]
[BlackElo "1663"]
[TimeControl "180+1"]
[EndTime "11:43:10 PDT"]
[Termination "HanSchut won by resignation"]

1. e4 e5 2. Nf3 Nf6 3. Bc4 Nxe4 4. Nc3 Nxc3 5. dxc3 d6 6. Ng5 Be6 7. Nxe6 fxe6 8. Bxe6 Qf6 9. Bh3 Be7 10. O-O O-O 11.
Qd5+ Kh8 12. Qxb7 Nd7 13. Qxc7 Nc5 14. Be3 Ne4 15. Qc6 Ng5 16. Bxg5 Qxg5 17. Rad1 Rad8 18. Qd5 Rf4 19. g3 Rh4 20. Bg2 Rh6 21. f4 Qh5 22. h3 Bf6 23. g4 Qh4 24. g5 Bxg5 25. fxg5 Qxg5 26. Qf7 Qe3+ 27. Qf2 Qxf2+ 28. Rxf2 Kg8 29. Rdf1 Rg6 30. Kh2 a5 31. Bd5+ 1-0

[Event "*** SCC Grand Prix: Titled Tuesday Blitz"]
[Site "Chess.com"]
[Date "2020.09.29"]
[Round "9"]
[White "Kislov_Oleg"]
[Black "SergioGarciaFuentes"]
[Result "0-1"]
[WhiteElo "2317"]
[BlackElo "2199"]
[TimeControl "180+1"]
[EndTime "11:43:11 PDT"]
[Termination "SergioGarciaFuentes won by resignation"]

1. e4 e5 2. Nf3 Nf6 3. Nxe5 d6 4. Nf3 Nxe4 5. Nc3 Nf6 6. d4 Be7 7. Bd3 O-O 8. O-O Re8 9. h3 Nbd7 10. Bf4 Nf8 11. d5 Ng6 12. Bh2 a6 13. a4 Bf8 14. Re1 Bd7 15. Qd2 Qb8 16. Rxe8 Bxe8 17.
Nd4 Qa7 18. Nf5 Bd7 19. Re1 Re8 20. Rxe8 Bxe8 21. Qg5 Qb6 22. b3 Qc5 23. Ne4 Nxe4 24. Bxe4 Qc3 25. Qe3 Qa1+ 0-1

[Event "*** SCC Grand Prix: Titled Tuesday Blitz"]
[Site "Chess.com"]
[Date "2020.09.29"]
[Round "9"]
[White "BocharovD"]
[Black "m_ezat"]
[Result "1-0"]
[WhiteElo "2807"]
[BlackElo "2637"]
[TimeControl "180+1"]
[EndTime "11:43:12 PDT"]
[Termination "BocharovD won on time"]

1. c4 Nf6 2. g3 g6 3. d4 Bg7 4.
Bg2 O-O 5. Nc3 d6 6. Nf3 Nc6 7. O-O Bg4 8. d5 Na5 9. b3 c5 10. dxc6 Nxc6 11. Bg5 Qd7 12. Rc1 Bh3 13. Bxh3 Qxh3 14. Nd5 Nxd5 15. cxd5 Ne5 16. Bxe7 Ng4 17. Bxf8 Rxf8 18. Rc7 h5 19. Qd2 Bh6 20. Qb4 h4 21. Qxd6 b5 22. gxh4 Ne3 23. fxe3 Bxe3+ 24. Rf2 Qg4+ 25. Qg3 Qe4 26. d6 Rd8 27. d7 Bf4 28.
Qg4 Qb1+ 29. Rf1 Qe4 30. Kh1 Qxe2 31. Re1 1-0

[Event "*** SCC Grand Prix: Titled Tuesday Blitz"]
[Site "Chess.com"]
[Date "2020.09.29"]
[Round "9"]
[White "BogdanDeac"]
[Black "TST2014"]
[Result "0-1"]
[WhiteElo "2863"]
[BlackElo "2582"]
[TimeControl "180+1"]
[EndTime "11:43:13 PDT"]
[Termination "TST2014 won by resignation"]

1. Nf3 c5 2. e3 g6 3. d4 Bg7 4. Be2 Nf6 5. d5 O-O 6. c4 d6 7. Nc3 e6 8. Nd2 a6 9. a4 Nbd7 10. O-O Rb8 11. e4 e5 12. Nf3 Nh5 13. g3 Nhf6 14.
Ne1 Ne8 15. Nd3 Qc7 16. f4 f5 17. Bf3 exf4 18. Bxf4 Bd4+ 19. Kh1 Ne5 20. Nxe5 dxe5 21. Bh6 Rf7 22. exf5 gxf5 23. Bh5 Nd6 24. Ne2 Nxc4 25. Qc1 Nd6 26. Nxd4 cxd4 27. Qg5+ Rg7 28. Bxg7 Qxg7 29. Qd8+ Qf8 30. Qxc8 Rxc8 0-1

[Event "*** SCC Grand Prix: Titled Tuesday Blitz"]
[Site "Chess.com"]
[Date "2020.09.29"]
[Round "9"]
[White "maxip32"]
[Black "zajka-molotok"]
[Result "1-0"]
[WhiteElo "2356"]
[BlackElo "2471"]
[TimeControl "180+1"]
[EndTime "11:43:14 PDT"]
[Termination "maxip32 won by resignation"]

1. e4 d6 2. d4 Nf6 3. Nc3 g6 4. f3 Bg7 5. Be3 a6 6. Qd2 b5 7. Bh6 O-O 8. h4 c5 9. Nge2 b4 10. Nd1 Nc6 11. d5 Ne5 12. Bxg7 Kxg7 13. Ne3 h5 14. Nf4 a5 15. Nc4 Nxc4 16. Bxc4 Ba6 17.
Qd3 Bxc4 18. Qxc4 a4 19. O-O a3 20. b3 Nd7 21. Qe2 Ne5 22. Rac1 e6 23. g3 g5 24. Nxh5+ Kg6 25. f4 gxf4 26. Nxf4+ Kh7 27. dxe6 Qf6 28. Qh5+ Kg8 29. Nd5 Qxe6 30. Nf6+ 1-0

[Event "*** SCC Grand Prix: Titled Tuesday Blitz"]
[Site "Chess.com"]
[Date "2020.09.29"]
[Round "9"]
[White "Fh2411"]
[Black "OK97"]
[Result "0-1"]
[WhiteElo "2528"]
[BlackElo "2778"]
[TimeControl "180+1"]
[EndTime "11:43:18 PDT"]
[Termination "OK97 won by resignation"]

1. d4 Nf6 2. Nf3 c5 3. d5 b5 4. c4 Bb7 5. g3 bxc4 6. Nc3 e6 7. e4 exd5 8. exd5 d6 9. Bxc4 Be7 10. O-O O-O 11. Re1 Nbd7 12. Nh4 g6 13. Bf1 Re8 14. Ng2 Nb6 15. Ne3 Bf8 16. Bg2 Qd7 17. a4 a5 18.
Re2 Ba6 19. Rc2 Re5 20. b3 Bh6 21. Bd2 Rae8 22. Qf3 Qe7 23. Bf1 Bb7 24. Bc4 Bxe3 25. Bxe3 Nbxd5 26. Nxd5 Nxd5 27. Bxd5 Bxd5 28. Qf4 Rf5 29.
Qg4 h5 30. Qe2 Qe4 0-1

[Event "*** SCC Grand Prix: Titled Tuesday Blitz"]
[Site "Chess.com"]
[Date "2020.09.29"]
[Round "9"]
[White "GianmarcoVaR"]
[Black "KyrgyzFighter"]
[Result "0-1"]
[WhiteElo "2521"]
[BlackElo "2384"]
[TimeControl "180+1"]
[EndTime "11:43:18 PDT"]
[Termination "KyrgyzFighter won by checkmate"]

1. e4 e6 2. d3 d5 3. Nd2 Nf6 4. Ngf3 c5 5. g3 g6 6. Bg2 Bg7 7. O-O O-O 8. Re1 Nc6 9. Qe2 Re8 10. Nf1 b6 11. e5 Nd7 12. Bf4 f6 13. exf6 Qxf6 14.
Ne3 Qxb2 15. Ng4 Bb7 16. h4 e5 17. Bh6 Bxh6 18. Nxh6+ Kg7 19. Qd2 Nd4 20. Nxd4 exd4 21. Qg5 Qc3 22. Re7+ Rxe7 23. Qxe7+ Kxh6 24. Re1 Rf8 25. g4 Bc6 26. g5+ Kh5 27. Qxh7+ Kg4 28. f3+ Kg3 29.
Rf1 Qd2 30. Bh1 Qh2# 0-1

[Event "*** SCC Grand Prix: Titled Tuesday Blitz"]
[Site "Chess.com"]
[Date "2020.09.29"]
[Round "9"]
[White "crazy_but_lazy"]
[Black "TimofeevAr"]
[Result "0-1"]
[WhiteElo "2543"]
[BlackElo "2845"]
[TimeControl "180+1"]
[EndTime "11:43:19 PDT"]
[Termination "TimofeevAr won by resignation"]

1. e4 c5 2. Nf3 e6 3. d4 cxd4 4. Nxd4 Nc6 5. Nc3 Qc7 6. Nxc6 bxc6 7. Bd3 Nf6 8. O-O Be7 9. f4 d5 10. e5 Nd7 11. Na4 Nb6 12. c3 c5 13. Be3 g6 14. Rc1 Bd7 15. Nxb6 axb6 16. a3 O-O 17.
Qd2 Rfd8 18. Bf2 Bc6 19. Rfe1 Rd7 20. Qe2 Qb7 21. Qg4 Kh8 22. Bh4 Bxh4 23. Qxh4 d4 24.
Qf6+ Kg8 25. Re2 dxc3 26. Rxc3 Rad8 27. Bc2 Rd2 28. Rxd2 Rxd2 29. Rd3 Rxd3 30. Bxd3 Qd7 31. Be2 Qd5 32. Bf3 Qd4+ 33. Kf1 Bb5+ 34. Ke1 Qe3+ 35.
Kd1 Ba4+ 0-1

[Event "*** SCC Grand Prix: Titled Tuesday Blitz"]
[Site "Chess.com"]
[Date "2020.09.29"]
[Round "9"]
[White "Schandenfreude"]
[Black "A-Fier"]
[Result "0-1"]
[WhiteElo "2568"]
[BlackElo "2825"]
[TimeControl "180+1"]
[EndTime "11:43:22 PDT"]
[Termination "A-Fier won on time"]

1. d4 Nf6 2. Bf4 c5 3. e3 Nd5 4. Bg3 Qb6 5. Nc3 Nxc3 6. bxc3 Qb2 7. Ne2 e6 8. Qb1 Qa3 9. Qb3 Qa5 10. Nf4 cxd4 11.
exd4 Nc6 12. Rd1 g5 13. Nh5 Be7 14. Bb5 a6 15. Bxc6 bxc6 16. Be5 Rf8 17. Bg7 Rg8 18. O-O Qf5 19. Rfe1 Qg6 20. g4 Rxg7 21. Nxg7+ Qxg7 22. d5 cxd5 23. c4 d4 24. Qb6 Bd8 25. Qc5 Bb7 26. Rb1 Rc8 27. Qd6 Bc6 28. Rb8 Rxb8 29. Qxb8 Qf6 30. Qg3 Kf8 31. c5 Kg7 32. Qe5 Qxe5 33.
Rxe5 Be7 34. Re1 f6 35. Ra1 Bxc5 36. Rb1 Bb5 37. a4 Bxa4 38. Rb7 Kf7 39. Rc7 Bd6 40.
Ra7 Bxc2 41. Rxa6 Bf4 42. Ra7 Ke7 43. Rc7 d3 44. Kf1 d2 0-1

[Event "*** SCC Grand Prix: Titled Tuesday Blitz"]
[Site "Chess.com"]
[Date "2020.09.29"]
[Round "9"]
[White "Andreikka"]
[Black "Ginger_GM"]
[Result "1-0"]
[WhiteElo "2859"]
[BlackElo "2703"]
[TimeControl "180+1"]
[EndTime "11:43:25 PDT"]
[Termination "Andreikka won on time"]

1. c4 f5 2. g3 Nf6 3. Bg2 d6 4. d4 e6 5. Nc3 Be7 6. e4 fxe4 7. Nxe4 O-O 8. Ne2 d5 9. Nxf6+ Bxf6 10. Qc2 Nc6 11. Be3 e5 12. dxe5 Nxe5 13. cxd5 Bg4 14. O-O Nf3+ 15. Kh1 Qxd5 16. Nf4 Qd7 17. h3 g5 18.
hxg4 gxf4 19. Bc5 Ne5 20. Bxf8 Rxf8 21. Qf5 f3 22. Bxf3 Qg7 23. Bd5+ Kh8 24. f3 Bh4 25.
Qh5 Bxg3 26. Be4 Bf4 27. Rad1 Nf7 28. Rd7 h6 29. Rf2 Qf6 30. Kg2 Ne5 31. Rxc7 Bg5 32. Bf5 b5 33. Re2 Nc4 34. Re6 Qxb2+ 35. Kh3 Bf4 36.
Rxh6+ 1-0

[Event "*** SCC Grand Prix: Titled Tuesday Blitz"]
[Site "Chess.com"]
[Date "2020.09.29"]
[Round "9"]
[White "tk22h"]
[Black "Nikithebest"]
[Result "1-0"]
[WhiteElo "2337"]
[BlackElo "2418"]
[TimeControl "180+1"]
[EndTime "11:43:27 PDT"]
[Termination "tk22h won by resignation"]

1. c4 e6 2. Nf3 d5 3. d4 a6 4.
cxd5 exd5 5. Nc3 Nf6 6. Bg5 Be7 7. Qc2 Be6 8. e3 c6 9. Bd3 h6 10. Bxf6 Bxf6 11. O-O Nd7 12. Bf5 Bxf5 13. Qxf5 g6 14. Qd3 O-O 15. Rad1 Re8 16. Rfe1 Bg7 17. e4 dxe4 18. Nxe4 Nf6 19. Nc5 Qc7 20. Qb3 b6 21.
Nd3 Nd5 22. Nde5 Rad8 23. g3 Rd6 24. Nc4 Rde6 25. Rxe6 Rxe6 26. Nce5 Kh7 27. Rc1 Ne7 28. Nxf7 Rf6 29. N7e5 Nf5 30. Qc4 Rd6 31. Nxc6 b5 32. Qc5 Nxd4 33. Ncxd4 Qxc5 34. Rxc5 Bxd4 35. Rc7+ Kg8 36.
Nxd4 Rxd4 37. Rc6 Kf7 38. Rxa6 Rd2 39. b3 Rb2 40. Kg2 b4 41. Kf3 h5 42. h4 Kg7 43.
Ke3 Kh6 44. f3 Kg7 45. Kf4 Kh6 46. Rb6 Rxa2 47. Rxb4 Rb2 48. Rb6 Kh7 49. Kg5 Rg2 50. Rb7+ Kh8 51. g4 hxg4 52. fxg4 Rg3 53. b4 Kg8 54. b5 Kf8 55. b6 Ke8 56. Rc7 Kd8 57. Rc6 Rb3 58. Rxg6 Rxb6 1-0

[Event "*** SCC Grand Prix: Titled Tuesday Blitz"]
[Site "Chess.com"]
[Date "2020.09.29"]
[Round "9"]
[White "parnali1611"]
[Black "ChronicUnhappiness"]
[Result "1-0"]
[WhiteElo "2119"]
[BlackElo "2264"]
[TimeControl "180+1"]
[EndTime "11:43:28 PDT"]
[Termination "parnali1611 won by resignation"]

1. d4 Nf6 2. c4 e6 3. g3 c5 4. d5 exd5 5. cxd5 d6 6. Nc3 g6 7.
Bg2 Bg7 8. Nf3 O-O 9. O-O Re8 10. Nd2 Nbd7 11. Nc4 Ne5 12. Nxe5 Rxe5 13. Bf4 Re8 14. e4 a6 15. a4 Ng4 16. h3 Ne5 17. Kh2 c4 18.
Bxe5 Bxe5 19. f4 Bg7 20. Qd2 Bd7 21. Rae1 b5 22. e5 b4 23. Ne4 dxe5 24. Nd6 exf4 25. Nxe8 fxg3+ 26. Kh1 Bxe8 27. Qxb4 Qh4 28. Re4 Qh5 29.
Qxc4 Bd7 30. Rh4 Qe5 31. d6 Rc8 32. Qxf7+ Kh8 33. Qxg6 h6 34. Be4 g2+ 35. Kxg2 Qxb2+ 36. Kh1 Bf5 37. Bxf5 1-0

[Event "*** SCC Grand Prix: Titled Tuesday Blitz"]
[Site "Chess.com"]
[Date "2020.09.29"]
[Round "9"]
[White "ChessWarrior7197"]
[Black "Zkid"]
[Result "1-0"]
[WhiteElo "2958"]
[BlackElo "2837"]
[TimeControl "180+1"]
[EndTime "11:43:30 PDT"]
[Termination "ChessWarrior7197 won by resignation"]

1. e4 e6 2. d4 d5 3. exd5 exd5 4.
Nf3 Nc6 5. Bd3 Bd6 6. O-O Bg4 7. h3 Bh5 8. Nc3 Nxd4 9. g4 Nxf3+ 10. Qxf3 Bg6 11. Re1+ Ne7 12. Bxg6 hxg6 13. Nxd5 O-O 14.
Nxe7+ Bxe7 15. Qxb7 Bc5 16. Qf3 Rb8 17. b3 Rb6 18. Be3 Rf6 19. Qd1 Bxe3 20. Rxe3 Qa8 21. Qe2 Qc6 22. Rd1 Qc5 23. c4 a5 24. Re8 Rxe8 25.
Qxe8+ Kh7 26. Qe3 Qxe3 27. fxe3 Rf3 28. Re1 Rxh3 29. Kg2 Rh4 30. Kg3 g5 31. Rd1 Kg6 32. Rd7 Rh1 33. Rxc7 Ra1 34. a4 Rg1+ 35. Kf3 Rf1+ 36. Kg2 Rb1 37. Rb7 Kf6 38. Rb5 g6 39. Kf3 Ke6 40. Rxg5 Rxb3 41. Rxa5 Rb4 42. c5 Kd5 43.
Ra7 f5 44. gxf5 gxf5 45. a5 Ra4 46. Ra8 Ke5 47. a6 1-0

[Event "*** SCC Grand Prix: Titled Tuesday Blitz"]
[Site "Chess.com"]
[Date "2020.09.29"]
[Round "9"]
[White "Matols"]
[Black "RobPeresian"]
[Result "0-1"]
[WhiteElo "2265"]
[BlackElo "2422"]
[TimeControl "180+1"]
[EndTime "11:43:30 PDT"]
[Termination "RobPeresian won on time"]

1. d4 d5 2. c4 c6 3. Nf3 Nf6 4. e3 a6 5. Nbd2 Bg4 6. h3 Bh5 7. g4 Bg6 8. Ne5 Nbd7 9. Nxg6 hxg6 10. Bg2 e6 11. O-O Bd6 12. f4 Qe7 13. b3 Ba3 14.
Bxa3 Qxa3 15. Qc1 Qd6 16. Qc2 a5 17. a3 Ke7 18. Qd3 Rh7 19. c5 Qc7 20. b4 Rah8 21. b5 g5 22. fxg5 Nxg4 23. hxg4 Qg3 24. Rxf7+ Kd8 25.
Qxh7 Rxh7 26. Raf1 Qxe3+ 0-1

[Event "*** SCC Grand Prix: Titled Tuesday Blitz"]
[Site "Chess.com"]
[Date "2020.09.29"]
[Round "9"]
[White "Sibelephant"]
[Black "Witik"]
[Result "1-0"]
[WhiteElo "3038"]
[BlackElo "2675"]
[TimeControl "180+1"]
[EndTime "11:43:31 PDT"]
[Termination "Sibelephant won by resignation"]

1. d4 d5 2. c4 e6 3. Nf3 c6 4. Qc2 Bd6 5. g3 f5 6. Bg2 Nf6 7. O-O O-O 8. Nc3 Qe7 9. Rb1 Nbd7 10. cxd5 exd5 11. Qxf5 Ne4 12. Qh5 Ndf6 13. Qh4 Nxc3 14. bxc3 Qxe2 15. Be3 Qxa2 16. Bh3 Qe2 17. Ng5 h6 18. Be6+ Bxe6 19. Nxe6 Rf7 20. Nxg7 Kxg7 21.
Qxh6+ Kg8 22. Qg6+ Rg7 23. Qxf6 Bf8 24. Qe6+ Kh7 25.
Qf5+ Kg8 26. Rfe1 Qa2 27. Bh6 Rf7 28. Qg6+ Bg7 29. f4 Qd2 30. Bxg7 Rxg7 31. Qe6+ Kh8 32. Re5 Qd3 33. Rh5+ Rh7 34. Qf6+ 1-0

[Event "*** SCC Grand Prix: Titled Tuesday Blitz"]
[Site "Chess.com"]
[Date "2020.09.29"]
[Round "9"]
[White "AliKa2810"]
[Black "Shield12"]
[Result "1-0"]
[WhiteElo "2569"]
[BlackElo "2837"]
[TimeControl "180+1"]
[EndTime "11:43:31 PDT"]
[Termination "AliKa2810 won by resignation"]

1. d4 Nf6 2. c4 e6 3. Nf3 b6 4. a3 Bb7 5. Nc3 g6 6. d5 Bg7 7. e4 d6 8. Be2 O-O 9. O-O Nbd7 10. h3 Nc5 11. Qc2 a5 12. Be3 Nfd7 13. Nd4 a4 14.
Rad1 e5 15. Nc6 Qe8 16. Nb5 Rc8 17. Nca7 f5 18. Nxc8 Qxc8 19. exf5 gxf5 20. f4 e4 21. Bd4 Nf6 22. Qc3 Ba6 23. Qg3 Qd7 24. Bc3 Kh8 25.
Nd4 Rg8 26. Kh1 Nd3 27. Rxd3 exd3 28. Bxd3 Ne4 29. Bxe4 fxe4 30. Ne6 Bxc4 31. Nxg7 Rxg7 32. Rd1 Kg8 33. Qxg7+ Qxg7 34. Bxg7 Kxg7 35. Rd4 b5 36. Kg1 e3 37. Rxc4 bxc4 38. Kf1 Kf6 39. Ke2 h5 40. g3 1-0

[Event "*** SCC Grand Prix: Titled Tuesday Blitz"]
[Site "Chess.com"]
[Date "2020.09.29"]
[Round "9"]
[White "leoduarte"]
[Black "Omk124"]
[Result "0-1"]
[WhiteElo "2296"]
[BlackElo "2423"]
[TimeControl "180+1"]
[EndTime "11:43:33 PDT"]
[Termination "Omk124 won on time"]

1. e4 g6 2. d4 Bg7 3. Nf3 c6 4.
Nc3 d6 5. Be3 Nf6 6. Bd3 O-O 7.
Qd2 Re8 8. Bh6 Bh8 9. h4 Bg4 10. Ng5 Nh5 11. f3 Bc8 12. g4 Nf6 13. h5 Nbd7 14.
O-O-O Qc7 15. hxg6 hxg6 16. Qh2 e5 17. Bf8 Kxf8 18. Qxh8+ Ke7 19. Qg7 Rf8 20. Rh8 Ne8 21. Qh7 Ndf6 22. Qh4 Rxh8 23. Qxh8 exd4 24. Ne2 Qa5 25.
f4 Qxa2 26. Nxd4 Qa1+ 27. Kd2 Qxb2 28. Ne2 Bxg4 29. Rh1 Qb4+ 30. Kc1 Qa3+ 31. Kd2 Qb4+ 32. Kc1 Bxe2 33. Bxe2 Nxe4 0-1

[Event "*** SCC Grand Prix: Titled Tuesday Blitz"]
[Site "Chess.com"]
[Date "2020.09.29"]
[Round "9"]
[White "Dr-Bassem"]
[Black "Guenplen"]
[Result "1-0"]
[WhiteElo "2797"]
[BlackElo "2866"]
[TimeControl "180+1"]
[EndTime "11:43:34 PDT"]
[Termination "Dr-Bassem won on time"]

1. e4 c5 2. Nf3 e6 3. d3 Nc6 4. g3 Nf6 5. Bg2 d6 6. O-O Be7 7. c3 O-O 8. Re1 Bd7 9. Nbd2 Rc8 10. a3 b5 11. b4 a5 12. bxc5 dxc5 13. e5 Nd5 14. Ne4 Qc7 15. c4 bxc4 16. dxc4 Nb6 17.
Bf4 Rcd8 18. Nf6+ Bxf6 19. exf6 Qc8 20. Ng5 e5 21. Qh5 Bf5 22. fxg7 Kxg7 23. Bxe5+ Nxe5 24. Rxe5 Nxc4 25. Re7 Bg6 26. Qe2 Bd3 27. Qh5 Bg6 28. Qh4 Rd4 29. Bh3 1-0

[Event "*** SCC Grand Prix: Titled Tuesday Blitz"]
[Site "Chess.com"]
[Date "2020.09.29"]
[Round "9"]
[White "kakorrhaphiophobie"]
[Black "tmr88"]
[Result "1-0"]
[WhiteElo "2261"]
[BlackElo "2086"]
[TimeControl "180+1"]
[EndTime "11:43:34 PDT"]
[Termination "kakorrhaphiophobie won on time"]

1. e4 e5 2. Nf3 Nc6 3. d4 exd4 4.
Nxd4 Nf6 5. Nxc6 bxc6 6. e5 Qe7 7. Qe2 Nd5 8. Nd2 g6 9. Ne4 Bg7 10. c4 Ba6 11. Bg5 Qxe5 12. Nc5 Nb4 13. O-O-O Qxe2 14. Bxe2 d6 15. Nxa6 Nxa6 16. Bf3 Kd7 17. a3 Rab8 18.
b4 h6 19. Be3 Rb7 20. b5 Nb8 21. a4 Rb6 22. Bxb6 axb6 23. h4 cxb5 24. axb5 Re8 25. Rhe1 Re6 26. h5 Rxe1 27. Rxe1 gxh5 28. Bxh5 f6 29.
Bg4+ Kd8 30. Bf5 Nd7 31. Bxd7 Kxd7 32. g4 1-0

[Event "*** SCC Grand Prix: Titled Tuesday Blitz"]
[Site "Chess.com"]
[Date "2020.09.29"]
[Round "9"]
[White "Onischuk_V"]
[Black "LiemLe"]
[Result "0-1"]
[WhiteElo "2896"]
[BlackElo "2999"]
[TimeControl "180+1"]
[EndTime "11:43:35 PDT"]
[Termination "LiemLe won on time"]

1. e4 c6 2. d4 d5 3. e5 Bf5 4. Nc3 e6 5. g4 Bg6 6. Nge2 f6 7. h4 fxe5 8. h5 Bf7 9. dxe5 c5 10. f4 Nc6 11. Bg2 Qc7 12. Ng1 Nh6 13. Nh3 Be7 14. O-O O-O-O 15. Ng5 g6 16. hxg6 hxg6 17. Bd2 Bg8 18. Nh3 g5 19. Nxg5 Bxg5 20. fxg5 Nf7 21. Bf4 Nfxe5 22. Qe1 Qg7 23. Qg3 Ng6 24. Rae1 Nxf4 25.
Qxf4 Rh7 26. Rf2 Qd4 27. Qg3 Rg7 28. a3 a6 29. Rd1 Qe5 30. Qxe5 Nxe5 31. Na4 Nxg4 32.
Re2 c4 33. Nc5 Rxg5 34. Nxe6 Bxe6 35. Rxe6 Rdg8 0-1

[Event "*** SCC Grand Prix: Titled Tuesday Blitz"]
[Site "Chess.com"]
[Date "2020.09.29"]
[Round "9"]
[White "Fy_Rakotomaharo"]
[Black "Konavets"]
[Result "1/2-1/2"]
[WhiteElo "2682"]
[BlackElo "2955"]
[TimeControl "180+1"]
[EndTime "11:43:36 PDT"]
[Termination "Game drawn by stalemate"]

1. e4 c6 2. Nf3 d5 3. d3 g6 4.
e5 c5 5. d4 Nc6 6. dxc5 Bg4 7.
Bb5 Rc8 8. O-O e6 9. b4 Bg7 10. Bxc6+ Rxc6 11. Re1 b6 12. cxb6 Qxb6 13. c3 Ne7 14.
Be3 Qc7 15. Bd4 Nf5 16. Nbd2 O-O 17. h3 Nxd4 18. cxd4 Bf5 19. Rc1 Rc8 20. Nb3 Rc4 21.
Rxc4 dxc4 22. Nc5 Qc6 23. Qd2 Bxh3 24. Qc3 Bg4 25. Nd2 h5 26. Qxc4 h4 27. f3 Bf5 28.
a4 Bh6 29. Nde4 Kg7 30. Nd6 Rc7 31. b5 Qb6 32. Ne8+ Kh7 33. Nxc7 Qxc7 34. Qc3 Bf4 35. Ne4 Qxc3 36. Nxc3 Bd2 37. Rd1 Bxc3 38. d5 exd5 39.
Rxd5 Be6 40. Rd8 Bxe5 41. Kf1 Bc7 42. Re8 Bb6 43. Re7 Kg7 44. Ke2 Kf6 45. Rb7 Ke5 46.
a5 Bxa5 47. Rxa7 Bb6 48. Rb7 Bc5 49. b6 Kd6 50. Rb8 Kc6 51. b7 Ba7 52. Rh8 Kxb7 53.
Rxh4 Kc6 54. Ra4 Bc5 55. Ra6+ Kd5 56. Ra1 Ke5 57. Kf1 Kf4 58. Ra4+ Kg3 59. Re4 Bd6 60. Rd4 Bf4 61. Ra4 Bd7 62. Rb4 g5 63. Rd4 Bb5+ 64. Ke1 Kxg2 65. Rd5 Bc6 66. Rc5 Bxf3 67. Rf5 Bh5 68.
Rxg5+ Bxg5 1/2-1/2

[Event "*** SCC Grand Prix: Titled Tuesday Blitz"]
[Site "Chess.com"]
[Date "2020.09.29"]
[Round "9"]
[White "DenisQ"]
[Black "Bulldog167"]
[Result "1/2-1/2"]
[WhiteElo "2639"]
[BlackElo "2793"]
[TimeControl "180+1"]
[EndTime "11:43:40 PDT"]
[Termination "Game drawn by repetition"]

1. Nf3 g6 2. g3 Bg7 3. Bg2 e5 4. O-O d5 5. c4 d4 6. d3 Ne7 7. e3 Nbc6 8. exd4 exd4 9. Re1 O-O 10. Nbd2 h6 11. a3 a5 12. b3 Nf5 13. Ne4 Nd6 14.
Nxd6 Qxd6 15. Bf4 Qd8 16. Ne5 Nxe5 17. Bxe5 c6 18. b4 axb4 19. axb4 Rxa1 20. Qxa1 Bf5 21.
Bxg7 Kxg7 22. Be4 Re8 23. Bxf5 Rxe1+ 24. Qxe1 gxf5 25. Qe5+ Qf6 26. Qxf6+ Kxf6 27. Kg2 Ke5 28. Kh3 Kf6 29. Kh4 Kg6 30. c5 h5 31. h3 f6 32. g4 hxg4 33. hxg4 f4 34. Kh3 Kg5 35.
f3 Kg6 36. Kh4 Kh6 37. Kh3 Kg5 38. Kg2 f5 39. gxf5 Kxf5 40. Kh2 Kg5 41. Kh3 Kh5 42. Kh2 Kh4 43. Kg2 Kg5 44. Kh3 Kh5 45. Kh2 Kh4 46. Kg2 Kg5 47. Kh3 1/2-1/2

[Event "*** SCC Grand Prix: Titled Tuesday Blitz"]
[Site "Chess.com"]
[Date "2020.09.29"]
[Round "9"]
[White "davigator"]
[Black "Zarinur"]
[Result "1-0"]
[WhiteElo "2353"]
[BlackElo "2196"]
[TimeControl "180+1"]
[EndTime "11:43:40 PDT"]
[Termination "davigator won by resignation"]

1. e4 e5 2. Nf3 Nc6 3. Bb5 a6 4. Ba4 d6 5. O-O Bg4 6. d3 Qf6 7. Nbd2 Ne7 8. c3 Ng6 9. h3 h5 10. Re1 Bd7 11. Nf1 Nf4 12. Bxf4 Qxf4 13. Ne3 O-O-O 14. Nd5 Qh6 15. Qc1 Qg6 16. Qg5 Qxg5 17. Nxg5 Be6 18. b4 Be7 19. Nxe7+ Nxe7 20. d4 Rdf8 21.
Nxe6 fxe6 22. dxe5 dxe5 23. Rad1 Rd8 24. Bb3 Kb8 25. Bxe6 Ng6 26. g3 h4 27. Bf5 Ne7 28.
Bg4 hxg3 29. fxg3 Nc6 30. Kg2 Na7 31. a4 Nc6 32. h4 Ne7 33. Kf3 Rhf8+ 34. Ke3 Ng8 35.
Bf5 Nh6 36. Be6 Rde8 37. Bh3 Rd8 38. Rxd8+ Rxd8 39. Rf1 b5 40. a5 Kb7 41. g4 Re8 42.
g5 Ng8 43. Rf7 Re7 44. Rf8 1-0

[Event "*** SCC Grand Prix: Titled Tuesday Blitz"]
[Site "Chess.com"]
[Date "2020.09.29"]
[Round "9"]
[White "Iskusnyh"]
[Black "ViditYT"]
[Result "0-1"]
[WhiteElo "2559"]
[BlackElo "2729"]
[TimeControl "180+1"]
[EndTime "11:43:42 PDT"]
[Termination "ViditYT won on time"]

1. d4 Nf6 2. c4 e6 3. g3 c5 4. Nf3 cxd4 5. Nxd4 d5 6. Bg2 e5 7.
Nf3 d4 8. O-O Nc6 9. e3 Be7 10.
exd4 exd4 11. Bf4 Be6 12. Ne5 Rc8 13. Re1 O-O 14. Nd2 Nxe5 15. Bxe5 Qd7 16. b3 Rfd8 17. Ne4 Ng4 18. Bf4 h6 19. h3 Nf6 20. Nxf6+ Bxf6 21. Qf3 b5 22. cxb5 Qxb5 23. Rad1 Bd5 24. Qh5 Qc6 25.
Bxd5 Rxd5 26. Qg4 h5 27. Qf3 Rc5 28. Qd3 h4 29. g4 Rc3 30. Qf5 Rxh3 31. Re4 g6 32.
Rc1 Qxc1+ 33. Bxc1 gxf5 0-1

[Event "*** SCC Grand Prix: Titled Tuesday Blitz"]
[Site "Chess.com"]
[Date "2020.09.29"]
[Round "9"]
[White "Sjakkerntobi"]
[Black "krasavetc"]
[Result "1-0"]
[WhiteElo "2434"]
[BlackElo "2329"]
[TimeControl "180+1"]
[EndTime "11:43:43 PDT"]
[Termination "Sjakkerntobi won on time"]

1. e4 e6 2. d4 d5 3. Nc3 Nf6 4. e5 Nfd7 5. f4 c5 6. Nf3 Nc6 7. Be3 a6 8. Qd2 b5 9. Nd1 cxd4 10. Nxd4 Nxd4 11. Bxd4 Bc5 12. c3 O-O 13. Nf2 Bxd4 14.
cxd4 f6 15. Bd3 f5 16. O-O Bb7 17. Kh1 Rc8 18. Rg1 Qh4 19. g3 Qh6 20. b3 Nxe5 21.
dxe5 d4+ 22. Rg2 Qh5 23. Be2 Qe8 24. Kg1 Qc6 25. Bf1 Qc3 26. Rd1 Bf3 27. Be2 Bxg2 28.
Kxg2 Rfd8 29. Nd3 Qc2 30. b4 Rc3 31. Kf2 Rd5 32. Qxc2 Rxc2 33. Rc1 Rxc1 34. Nxc1 Rd7 35. Nd3 Rc7 36. Nc5 a5 37. a3 axb4 38. axb4 Kf7 39. Bxb5 Ra7 40. Bc4 Ra3 41. Bxe6+ Kg6 42. Bd5 d3 43. Ke3 d2+ 44. Kxd2 Ra1 45. b5 Rb1 46. Nb3 Rb2+ 47. Kc3 Rxh2 48. b6 1-0

[Event "*** SCC Grand Prix: Titled Tuesday Blitz"]
[Site "Chess.com"]
[Date "2020.09.29"]
[Round "9"]
[White "Srisshhhtea"]
[Black "Chuchofrio1"]
[Result "1-0"]
[WhiteElo "2309"]
[BlackElo "2392"]
[TimeControl "180+1"]
[EndTime "11:43:43 PDT"]
[Termination "Srisshhhtea won by resignation"]

1. e4 c5 2. Nf3 e6 3. d4 cxd4 4. Nxd4 Nf6 5. Nc3 Nc6 6. a3 Be7 7. Nxc6 bxc6 8. e5 Nd5 9. Ne4 f5 10. exf6 Nxf6 11. Nd6+ Bxd6 12. Qxd6 Qb6 13. Bd3 c5 14. Bf4 Qxd6 15. Bxd6 Bb7 16. Bxc5 Kf7 17. f3 Rhc8 18. Bd4 Bd5 19. O-O-O Rc7 20. Be5 Rb7 21. Rhf1 Rc8 22. g4 Rb6 23. h4 d6 24. Bd4 Rbc6 25.
Bxa7 Bb3 26. Rd2 Nd5 27. Kb1 Bc4 28. Bxc4 Rxc4 29. Re1 R8c7 30. Bf2 Rb7 31. Ka2 g6 32. Bg3 Rc6 33. Rh1 Ra6 34. h5 g5 35. c4 Ne3 36.
Rxd6 Rxd6 37. Bxd6 Nxc4 38. Bb4 Rd7 39. Rc1 Ne3 40.
Bc5 Nd5 41. b4 Rb7 42. Kb3 e5 43. a4 Ke6 44. a5 Rf7 45. a6 Rxf3+ 46. Ka4 Nc7 47. b5 Rf4+ 48. Ka5 e4 49. b6 Nxa6 50. Kxa6 Kd5 51. b7 Rf8 52. Bxf8 1-0